 Dungeon Crawl Stone Soup version 0.31-a0-221-gbddc013574 (webtiles) character file.

Game seed: 18176647377546998291

403 MacCMillion the Shooter (level 6, -2/30 HPs)
             Began as a Spriggan Hunter on July 3, 2023.
             Slain by a rat (3 damage)
             ... in a sewer.
             The game lasted 00:08:24 (4174 turns).

MacCMillion the Shooter (Spriggan Hunter)           Turns: 4174, Time: 00:08:24

Health: -2/30      AC:  2    Str:  7    XL:     6   Next: 55%
Magic:  7/7        EV: 18    Int: 10    God:
Gold:   203        SH:  0    Dex: 21    Spells: 5/5 levels left

rFire   . . .        a - +0 shortbow
rCold   . . .        (shield currently unavailable)
rNeg    . . .        c - +0 robe
rPois   .            (helmet restricted)
rElec   .            (no cloak)
rCorr   .            (gloves unavailable)
SInv    +            (boots unavailable)
Will    +....        (no amulet)
Stlth   +++          m - +4 ring of slaying
HPRegen 0.25/turn    (no ring)
MPRegen 0.10/turn

%: no passive effects
@: mighty, brilliant, attractive, slowed, quick
A: very small, no large weapons, unfitting armour, see invisible, speed 3
a: no special abilities


You were in a sewer.
You visited 1 branch of the dungeon, and saw 4 of its levels.
You also visited: Sewer.

You collected 203 gold pieces.

Inventory:

Hand Weapons
 a - a +0 shortbow (weapon)
Armour
 c - a +0 robe (worn)
Jewellery
 m - a +4 ring of slaying (left hand)
 o - a +6 ring of strength
Scrolls
 b - a scroll of butterflies
 d - a scroll of amnesia {unknown}
 f - a scroll of fog {unknown}
 i - a scroll of poison {unknown}
 k - a scroll of fear {unknown}
 l - 2 scrolls of noise {unknown}
 p - a scroll of identify {unknown}
Potions
 e - a potion of might
 j - a potion of brilliance
 q - 3 potions of mutation {unknown}


   Skills:
 - Level 1.5 Fighting
 + Level 7.6 Ranged Weapons
 - Level 2.6 Dodging
 - Level 4.0 Stealth


You had 5 spell levels left.
You didn't know any spells.
Your spell library contained the following spells:

 Spells                   Type           Power      Damage    Failure   Level
 Shock                    Conj/Air       0%         1d3       36%         1
 Scorch                   Fire           0%         2d5       50%         2
 Swiftness                Air            0%         N/A       75%         3
 Airstrike                Air            0%         2d(0-16)  98%         4
 Flame Wave               Conj/Fire      0%         2d4       98%         4
 Summon Cactus Giant      Summ           0%         N/A       100%        6


Dungeon Overview and Level Annotations

Branches:
Dungeon (4/15)              Sewer (1/1)
 Temple: D:4-7

Altars:
Sif Muna
Zin


Innate Abilities, Weirdness & Mutations

You are very small and have problems with some larger weapons.
You are too small for most types of armour.
You have supernaturally acute eyesight. (SInv)
You cover ground extremely quickly. (Speed+++)


Message History

You shoot an arrow.
The arrow closely misses the kobold brigand.
Fire: a) +0 shortbow
Press: ? - help, Q - select action Shift-Dir - straight line, f/p - kobold brigand
Aim: a kobold brigand, wielding a +0 dagger and quivering curare-tipped darts (moderately wounded, 63% to hit)
You shoot an arrow.
The arrow barely misses the kobold brigand.
Fire: a) +0 shortbow
Press: ? - help, Q - select action Shift-Dir - straight line, f/p - kobold brigand
Aim: a kobold brigand, wielding a +0 dagger and quivering curare-tipped darts (moderately wounded, 63% to hit)
You shoot an arrow. The arrow hits the kobold.
You kill the kobold!
The rat closely misses you.
Fire: a) +0 shortbow
Press: ? - help, Q - select action Shift-Dir - straight line, f/p - kobold brigand
Aim: a kobold brigand, wielding a +0 dagger and quivering curare-tipped darts (moderately wounded, 63% to hit)
You shoot an arrow. The arrow hits the kobold!
You kill the kobold!
The kobold brigand throws a curare-tipped dart.
The curare-tipped dart hits you.
You are poisoned.
You have difficulty breathing.
* * * LOW HITPOINT WARNING * * *
You feel yourself slow down.
Fire: a) +0 shortbow
Press: ? - help, Q - select action Shift-Dir - straight line, f/p - kobold brigand
Aim: a kobold brigand, wielding a +0 dagger and quivering curare-tipped darts (moderately wounded, 63% to hit)
You shoot an arrow. The arrow hits the kobold brigand.
The kobold brigand is heavily wounded.
* * * LOW HITPOINT WARNING * * *
You feel very sick. The rat closely misses you.
It was a potion of curing.
You feel better.
The kobold brigand hits you with a +0 dagger!
* * * LOW HITPOINT WARNING * * *
The rat bites you but does no damage.
It was a potion of attraction.
You feel attractive to monsters. The rat bites you.
You die...

#..†...†~†........##
#.....~†~†......#..#
##..)...≈~~.))..###.#
##......~~~......###∩#
#...##..~≈≈~K.....####
#...###..≈≈≈......##
##...##~~≈≈≈~~.)...#
#...#.~~≈≈~.~.Kr..##
##....~≈≈≈~~~.K@...#
#.....~≈≈≈~~......#
##.....≈≈≈≈≈~~)....#
##....~~≈≈≈≈≈~.....##
#.....~≈≈≈≈≈≈~~...##
#.....#≈≈≈≈≈≈≈....#
#.)..##~≈≈≈≈≈~....##
#....#~≈≈≈≈≈≈~~....#
#....~~≈≈≈≈≈≈≈~....#


You could see a kobold brigand, 2 kobolds and a rat.

Vanquished Creatures
  A kobold brigand (Sewer)
  A hound (D:3)
  An iguana (D:4)
  An orc wizard (D:3)
  Robin (D:2)
  8 adders
  5 river rats (Sewer)
  3 worms
  3 orcs (D:3)
  6 bats
  3 endoplasms
  9 giant cockroaches
  13 goblins
  9 hobgoblins
  15 kobolds
  6 quokkas
  13 ball pythons
  6 frilled lizards
  23 rats
127 creatures vanquished.

Notes
Turn   | Place    | Note
-------+----------+-------------------------------------------
     0 | D:1      | MacCMillion the Spriggan Hunter began the quest for the
                  | Orb.
     0 | D:1      | Reached XP level 1. HP: 10/10 MP: 2/2
   406 | D:1      | Reached XP level 2. HP: 14/14 MP: 3/3
  1036 | D:1      | Reached XP level 3. HP: 16/18 MP: 4/4
  1667 | D:2      | Reached skill level 5 in Ranged Weapons
  1835 | D:2      | Reached XP level 4. HP: 22/22 MP: 5/5
  1845 | D:2      | Noticed Robin
  1890 | D:2      | Killed Robin
  2396 | D:3      | Reached XP level 5. HP: 16/25 MP: 6/6
  2582 | D:3      | Reached skill level 6 in Ranged Weapons
  2670 | D:3      | Found a shimmering blue altar of Sif Muna.
  3254 | D:4      | Found a glowing silver altar of Zin.
  3371 | D:4      | Found a glowing drain.
  3388 | Sewer    | Entered a sewer
  3682 | Sewer    | Reached XP level 6. HP: 22/30 MP: 7/7
  3754 | Sewer    | Reached skill level 7 in Ranged Weapons
  4144 | Sewer    | HP: 1/30 [kobold brigand/+0 dagger (1)]
  4173 | Sewer    | HP: 1/30 [kobold brigand/+0 dagger (8)]
  4174 | Sewer    | Slain by a rat

Illustrated notes

Levels and vault maps discovered:
D:1:      sevenhm_arrival_forest_fort_small_3, layout_basic
D:2:      layout_basic, uniq_robin
D:3:      layout_basic, lemuel_doored_altar
D:4:      layout_basic, pdpol_temple_overflow_zin_treasury_gozag_greed,
          chequers_temple_overflow_statue_of_worship, gup_sewer_entry_pipe,
          st_stairs_14, hex_intersection, dk_noncrumbling_4,
          minmay_manual_mandibuliform
Sewer:    sewer_minmay_treatment

Skill      XL: |  1  2  3  4  5  6 |
---------------+-------------------+-----
Stealth        | 2 3 4 |  4.0
Ranged Weapons | 5 6 7 |  7.6
Fighting       | |  1.5
Dodging        | |  2.6

Action                     |  1- 3 |  4- 6 || total
---------------------------+-------+-------++-------
   Fire: Shortbow          |   104 |   203 ||   307
    Use: Potion            |       |     8 ||     8
 Armour: Robe              |     4 |    12 ||    16
  Dodge: Dodged            |    26 |   103 ||   129

Table legend: (Time is in decaauts)
 A = Elapsed time spent in this place.
 B = Non-inter-level travel time spent in this place.
 C = Inter-level travel time spent in this place.
 D = Time resting spent in this place.
 E = Time spent auto-exploring this place.
 F = Levels seen in this place.
 G = Mean time per level.
                   A        B        C        D        E       F      G
               +--------+--------+--------+--------+--------+-----+--------+
         Total |   3067 |   2976 |     91 |    820 |   1347 |   5 |  613.4 |
       Dungeon |   2387 |   2296 |     91 |    476 |   1277 |   4 |  596.8 |
         Sewer |    679 |    679 |      0 |    344 |     69 |   1 |  679.0 |
               +--------+--------+--------+--------+--------+-----+--------+

Top non-repeatable levels by time:
     D:1: 848 daAuts
     D:3: 758 daAuts
   Sewer: 679 daAuts
     D:2: 667 daAuts
     D:4: 112 daAuts
